 Dungeon Crawl Stone Soup version 0.30-b1-2-g02819fbbbe (webtiles) character file.

Game seed: 12145399434947514188

149 sanka the Chiller (level 5, -7/32 HPs)
             Began as a Deep Elf Chaos Knight on May 15, 2023.
             Was a Plaything of Xom.
             Mangled by Pikel the hornet (9 damage)
             ... on level 4 of the Dungeon.
             The game lasted 00:05:46 (3143 turns).

sanka the Chiller (Deep Elf Chaos Knight)           Turns: 3143, Time: 00:05:49

Health: -7/32      AC:  5    Str: 13    XL:     5   Next: 9%
Magic:  0/10       EV: 13    Int: 18    God:    Xom [..*...]
Gold:   202        SH:  0    Dex: 19    Spells: 4/8 levels left

rFire   . . .        a - +0 short sword (chaos)
rCold   . . .        (no shield)
rNeg    . . .        b - +2 leather armour
rPois   +            (no helmet)
rElec   .            (no cloak)
rCorr   .            (no gloves)
SInv    .            (no boots)
Will    .....        (no amulet)
Stlth   +            l - +6 ring of dexterity
HPRegen 0.25/turn    (no ring)
MPRegen 0.12/turn

%: clarity
@: freezing walls
A: clarity, poison resistance, strong 1
a: Renounce Religion


You were on level 4 of the Dungeon.
You worshipped Xom.
You were a toy of Xom.
You visited 1 branch of the dungeon, and saw 4 of its levels.

You collected 202 gold pieces.

Inventory:

Hand Weapons
 a - a +0 short sword of chaos (weapon)
 p - a +0 long sword
Armour
 b - a +2 leather armour (worn)
Jewellery
 l - a +6 ring of dexterity (left hand)
Scrolls
 d - 3 scrolls of amnesia {unknown}
 e - 2 scrolls of enchant armour {unknown}
 i - a scroll of poison {unknown}
 j - a scroll of acquirement {unknown}
 m - a scroll of fear {unknown}
 n - a scroll of magic mapping {unknown}
 q - a scroll of enchant weapon {unknown}
 s - a scroll of torment {unknown}
Potions
 f - 2 potions of curing {unknown}
 g - a potion of lignification {unknown}
 h - 2 potions of heal wounds {unknown}
 k - 2 potions of attraction {unknown}
 o - a potion of flight {unknown}
Miscellaneous
 c - a piece from Xom's chessboard (15/15) (quivered)
 r - a box of beasts


   Skills:
 - Level 2.8 Fighting
 - Level 3.0 Short Blades
 - Level 0.7 Armour
 - Level 3.1 Dodging
 - Level 2.0 Spellcasting
 + Level 4.1 Ice Magic


You had 4 spell levels left.
You knew the following spells:

 Your Spells              Type           Power      Damage    Failure   Level
a - Freeze                Ice            64%        1d7       4%          1
b - Frozen Ramparts       Ice            32%        1d5       12%         3

Your spell library contained the following spells:

 Spells                   Type           Power      Damage    Failure   Level
 Summon Small Mammal      Summ           4%         N/A       22%         1
 Hailstorm                Conj/Ice       9%         3d4       28%         3
 Blink                    Tloc           2%         N/A       34%         2
 Lesser Beckoning         Tloc           2%         N/A       34%         2
 Momentum Strike          Conj/Tloc      2%         3d8       34%         2
 Sublimation of Blood     Necr           1%         N/A       34%         2
 Wereblood                Tmut           1%         N/A       34%         2
 Call Canine Familiar     Summ           1%         N/A       56%         3
 Summon Guardian Golem    Hex/Summ       1%         N/A       56%         3
 Summon Hydra             Summ           0%         N/A       100%        7


Dungeon Overview and Level Annotations

Branches:
Dungeon (4/15)
 Temple: D:4-7

Altars:
Trog
Vehumet
Yredelemnul

Shops:
D:1 ?   D:3 :

Annotations:
D:4 Pikel


Innate Abilities, Weirdness & Mutations

You possess an exceptional clarity of mind.
Your system is resistant to poisons. (rPois)
Your muscles are strong. (Str +4, Int/Dex -1)


Message History

Pikel is heavily wounded.
The wall freezes Pikel but does no damage.
Pikel hits you with a +1 whip of flaming!
* * * LOW HITPOINT WARNING * * *
Pikel burns you.
* * * LOW HITPOINT WARNING * * *
The wall freezes the lemure.
Casting: Freeze (safe; 4% risk of failure)
Confirm with . or Enter, or press ? or * to list all spells.
Aiming: Freeze (safe; 4% risk of failure)
Press: ? - help, Shift-Dir - straight line, f/p - Pikel
Aim: Pikel, wielding a +1 whip of flaming and wearing a +0 robe (heavily wounded)
You freeze Pikel!
Pikel is severely wounded.
The frozen ramparts melt away.
Pikel hits you but does no damage.
You hit Pikel but do no damage.
Pikel is severely wounded.
Pikel hits you with a +1 whip of flaming.
* * * LOW HITPOINT WARNING * * *
Pikel burns you.
* * * LOW HITPOINT WARNING * * *
You closely miss Pikel.
Pikel is heavily wounded.
Xom grants you insight.
You detect creatures!
Pikel barely misses you.
You hit Pikel.
Pikel evaporates and reforms as a hornet!
Pikel is severely wounded.
Pikel stings you.
* * * LOW HITPOINT WARNING * * *
Casting: Freeze (safe; 4% risk of failure)
Confirm with . or Enter, or press ? or * to list all spells.
The spell is quite dangerous to miscast (12% risk of failure)!
Continue anyway?
Casting: Frozen Ramparts (quite dangerous; 12% risk of failure)
Press: ? - help, Dir - look around, f - activate The walls around you are covered in ice.
The wall freezes Pikel but does no damage.
Pikel stings you!
You die...
Xom chortles!

#.# #.# #.##
#..#####
##.....# #
##....# #..
##...#
.....#####...#
....5J55y@...#
.....5####..>#
..... #...#
.... #...# #..
#...# ## #####


You could see Pikel the hornet, 4 lemures and an endoplasm.

Vanquished Creatures
  Blork the orc (D:4)
  A gnoll (D:4)
  2 adders
  A dart slug (D:3)
  2 orcs (D:3)
  9 ball pythons
  4 endoplasms
  2 giant cockroaches
  5 goblins
  7 hobgoblins
  3 jackals (D:3)
  4 quokkas
  2 bats (D:1)
  A frilled lizard (D:3)
  A kobold (D:2)
  5 rats
50 creatures vanquished.

Notes
Turn   | Place    | Note
-------+----------+-------------------------------------------
     0 | D:1      | sanka the Deep Elf Chaos Knight began the quest for the
                  | Orb.
     0 | D:1      | Reached XP level 1. HP: 13/13 MP: 3/3
   213 | D:1      | XOM: silly message
   341 | D:1      | XOM: silly message
   350 | D:1      | Reached XP level 2. HP: 18/18 MP: 4/4
   757 | D:1      | Found a faded altar of an unknown god.
   775 | D:1      | Learned a level 1 spell: Freeze
   822 | D:1      | XOM: 2-stop teleportation journey
  1017 | D:1      | Found Faasm's Magic Scroll Shoppe.
  1138 | D:2      | Reached skill level 1 in Spellcasting
  1741 | D:2      | XOM: give mutations
  1741 | D:2      | Gained mutation: You possess an exceptional clarity of
                  | mind. [Xom's mischief]
  1741 | D:2      | Gained mutation: Your system is resistant to poisons.
                  | (rPois) [Xom's mischief]
  1741 | D:2      | Gained mutation: Your muscles are strong. (Str +4, Int/Dex
                  | -1) [Xom's mischief]
  1749 | D:3      | XOM: smoke on damage
  1759 | D:3      | Reached XP level 3. HP: 17/22 MP: 6/8
  1763 | D:3      | Learned a level 3 spell: Frozen Ramparts
  1805 | D:3      | Found Aqicox's Book Emporium.
  1871 | D:3      | XOM: polymorph kobold -> jackal
  2043 | D:3      | Reached skill level 1 in Ice Magic
  2073 | D:3      | Found a radiant altar of Vehumet.
  2093 | D:3      | XOM: 2-stop teleportation journey
  2314 | D:3      | XOM: scenery: 1 doors open
  2379 | D:3      | HP: 1/22 [orc/+0 whip of flaming (3)]
  2485 | D:3      | Found a bloodstained altar of Trog.
  2549 | D:3      | Reached skill level 2 in Ice Magic
  2833 | D:4      | Noticed Blork the orc
  2838 | D:4      | HP: 1/22 [Blork the orc/+0 battleaxe (13)]
  2840 | D:4      | Killed Blork the orc
  2841 | D:4      | Reached skill level 3 in Ice Magic
  2841 | D:4      | Reached XP level 4. HP: 1/27 MP: 9/9
  2970 | D:4      | XOM: confuse monster(s)
  2976 | D:4      | XOM: confuse monster(s)
  3020 | D:4      | Found a basalt altar of Yredelemnul.
  3037 | D:4      | Reached skill level 4 in Ice Magic
  3037 | D:4      | Reached XP level 5. HP: 26/32 MP: 10/10
  3128 | D:4      | Noticed Pikel
  3128 | D:4      | Noticed a lemure
  3128 | D:4      | Noticed a lemure
  3128 | D:4      | Noticed a lemure
  3129 | D:4      | Noticed a lemure
  3141 | D:4      | XOM: divination: detect creatures
  3142 | D:4      | Pikel changed into Pikel the hornet
  3142 | D:4      | Noticed Pikel
  3143 | D:4      | Mangled by Pikel the hornet

Illustrated notes

Levels and vault maps discovered:
D:1:      giann_bridges, layout_basic, serial_shops, shop,
          hellmonk_ecumenical_altar_crossroads, chequers_serial_rivers_micro_d
D:2:      layout_rooms, st_stairs_13
D:3:      layout_loops_corners, nicolae_vehumet_radiance,
          mainiacjoe_overflow_surrounded_room, serial_shops,
          nicolae_shop_tiny_statue_garden, wander_ebering_terrifying_dragon_lair
D:4:      layout_rooms, overflow_temple_1_default, serial_shops, shop_scrolls,
          minmay_checkerbox, uniq_menkaure, uniq_blork_the_orc, uniq_pikel

Skill      XL: |  1  2  3  4 |
---------------+-------------+-----
Dodging        | 3 |  3.1
Spellcasting   | 2 |  2.0
Ice Magic      | 3 4 |  4.1
Fighting       | |  2.8
Short Blades   | |  3.0
Armour         | |  0.7

Action                     |  1- 3 |  4- 6 || total
---------------------------+-------+-------++-------
  Melee: Short sword       |   145 |    29 ||   174
   Cast: Freeze            |       |     5 ||     5
         Frozen Ramparts   |       |     2 ||     2
   Stab: Paralysed         |     1 |       ||     1
         Sleeping          |     2 |       ||     2
         Confused          |     1 |     2 ||     3
 Armour: Leather armour    |    33 |    15 ||    48
  Dodge: Dodged            |    71 |    19 ||    90
